 Dungeon Crawl Stone Soup version 0.31-a0-1237-gabc64e778c (webtiles) character file.

Game seed: 985822238749912998

6977 night the Destroyer (level 10, -5/68 (69) HPs)
             Began as a Demigod Conjurer on Dec 15, 2023.
             Shot with an arrow by a centaur warrior (14 damage)
             ... on level 8 of the Dungeon.
             The game lasted 00:30:45 (11726 turns).

night the Destroyer (Demigod Conjurer)             Turns: 11726, Time: 00:30:46

HP:   -5/68 (69)    AC:  4    Str:  8    XL:     10   Next: 52%
MP:   25/36         EV: 12    Int: 38    God:
Gold: 474           SH:  0    Dex: 12    Spells: 16/27 levels left

rFire   . . .        P - +4 scimitar (freeze)
rCold   . . .        (no shield)
rNeg    . . .        a - +0 robe
rPois   .            (no helmet)
rElec   .            (no cloak)
rCorr   .            (no gloves)
SInv    .            C - +1 pair of boots
Will    +....        v - amulet of the acrobat
Stlth   ++           l - +6 ring of intelligence
HPRegen 0.31/turn    I - ring of magical power
MPRegen 0.25/turn

%: acrobat
@: very slightly contaminated, lightly drained
A: high MP 1, forlorn, divine attributes
a: no special abilities


You were on level 8 of the Dungeon.
You visited 2 branches of the dungeon, and saw 10 of its levels.

You collected 474 gold pieces.

Inventory:

Hand Weapons
 h - a +0 rapier
 w - a +1 dagger of venom
 P - a +4 scimitar of freezing (weapon)
Missiles
 j - 2 curare-tipped darts
 k - 80 stones
 y - 12 poisoned darts
 A - 9 boomerangs
 H - 3 javelins
 M - 5 darts of dispersal
Armour
 a - a +0 robe (worn)
 C - a +1 pair of boots (worn)
Magical Staves
 e - a staff of fire
Jewellery
 l - a +6 ring of intelligence (left hand)
 v - an amulet of the acrobat (around neck)
 z - a ring of ice
 I - a ring of magical power (right hand)
 N - an amulet of regeneration
 O - a ring of flight
Talismans
 L - a serpent talisman
 U - a blade talisman
Wands
 p - a wand of quicksilver (15)
 S - a wand of flame (10)
Scrolls
 c - 2 scrolls of noise
 n - 2 scrolls of fear
 o - 2 scrolls of silence
 q - 2 scrolls of teleportation
 r - 2 scrolls of vulnerability {unknown}
 s - 2 scrolls of blinking
 x - a scroll of poison {unknown}
 B - a scroll of revelation {unknown}
 D - 3 scrolls of immolation {unknown}
 E - 2 scrolls of enchant weapon {unknown}
 F - 5 scrolls of identify
 K - a scroll of brand weapon {unknown}
 Q - a scroll of torment {unknown}
 T - a scroll of enchant armour {unknown}
Potions
 b - 2 potions of magic
 d - a potion of enlightenment {unknown}
 f - a potion of curing
 g - a potion of cancellation {unknown}
 i - a potion of might {unknown}
 t - 2 potions of attraction {unknown}
 u - a potion of berserk rage {unknown}
 G - a potion of ambrosia {unknown}
 J - a potion of resistance {unknown}
 R - a potion of invisibility {unknown}
 V - a potion of degeneration {unknown}


   Skills:
 - Level 1.7 Dodging
 - Level 1.7 Stealth
 + Level 9.3 Spellcasting
 + Level 10.6 Conjurations
 - Level 2.0 Hexes
 - Level 2.0 Translocations
 + Level 4.6 Shapeshifting


You had 16 spell levels left.
You knew the following spells:

 Your Spells              Type           Power      Damage    Failure   Level
a - Magic Dart            Conj           100%       1d8       1%          1
b - Searing Ray           Conj           100%       2d8       1%          2
c - Iskenderun's Mystic   Conj/Tloc      60%        2d13      1%          4
e - Fulminant Prism       Conj/Hex       30%        3d15      1%          4

Your spell library contained the following spells:

 Spells                   Type           Power      Damage    Failure   Level
 Slow                     Hex            100%       N/A       1%          1
 Dazzling Flash           Conj/Hex       100%       N/A       1%          3
 Summon Small Mammal      Summ           68%        N/A       2%          1
 Confusing Touch          Hex            32%        N/A       2%          3
 Sigil of Binding         Hex            32%        N/A       2%          3
 Summon Guardian Golem    Hex/Summ       25%        N/A       4%          3
 Call Canine Familiar     Summ           17%        N/A       6%          3
 Ozocubu's Armour         Ice            17%        N/A       6%          3
 Vampiric Draining        Necr           17%        2d7       6%          3
 Metabolic Englaciation   Hex/Ice        12%        N/A       36%         5
 Simulacrum               Ice/Necr       8%         N/A       97%         6


Dungeon Overview and Level Annotations

Branches:
Dungeon (9/15)             Temple (1/1) D:6            Lair (0/5) D:8
    Orc: D:9-12

Shops:
D:5 ?

Annotations:
D:4 1 runed translucent door, bumbalina's ghost, amateur FoHu


Innate Abilities, Weirdness & Mutations

You have an increased reservoir of magic. (+10% MP)
You shall have no god before yourself.
Your divine heritage dramatically boosts your attributes as you level up.


Message History

Confirm with . or Enter, or press ? or * to list all spells.
You erupt in a blast of force!
The mystic blast hits the centaur warrior!
The centaur warrior is moderately wounded.
The centaur warrior is knocked back by the mystic blast.
The centaur warrior wields a +0 shortbow.
The centaur warrior shoots an arrow.
The arrow closely misses you.
Unknown command.
You feel much better.
The centaur warrior shoots an arrow.
The arrow hits you!!
* * * LOW HITPOINT WARNING * * *
Aiming: Quicksilver Bolt
Press: ? - help, Shift-Dir - straight line, f - centaur warrior
Aim: a centaur warrior, wielding a +0 shortbow (moderately wounded, 79% to hit)
The bolt of dispelling energy hits the centaur warrior!
The centaur warrior is heavily wounded.
The centaur warrior shoots an arrow.
The arrow hits you!
* * * LOW HITPOINT WARNING * * *
You feel much better.
The centaur warrior unwields a +0 shortbow.
The centaur warrior hits you but does no damage.
The centaur warrior kicks you.
Casting: Iskenderun's Mystic Blast (dangerous; 1% risk of failure)
Confirm with . or Enter, or press ? or * to list all spells.
You erupt in a blast of force!
The mystic blast hits the centaur warrior!
The centaur warrior is severely wounded.
The centaur warrior is knocked back by the mystic blast.
The centaur warrior wields a +0 shortbow.
The centaur warrior shoots an arrow.
The arrow hits you!
* * * LOW HITPOINT WARNING * * *
Unknown command.
Casting: Iskenderun's Mystic Blast (dangerous; 1% risk of failure)
Confirm with . or Enter, or press ? or * to list all spells.
Aiming: Fulminant Prism (dangerous; 1% risk of failure)
Press: ? - help, Dir - move target, p - centaur warrior You miscast Fulminant Prism.
You are very lightly contaminated with residual magic.
Nothing appears to happen.
The centaur warrior shoots an arrow.
The arrow hits you!
You die...

#<.......########.#
###########..............#
#................#######.###
#.#########.#.#..# #.....#####
#<#########.#.#..# #.....'....
#.........#.#....#####.....####.
##.......#...#...##...#.....# #.
.........###.#.#....#.#.....####.
##..##..........@....#######.....
#..#....#...###....#...≈)..#....
#..##....<).#........#...#......
#.......#[.[#.#c....##...##.....
#.####......(.....#......P..#...
#.......#...#.#.#.#≈...>...≈#...
#######.#...#.#...#..P...P..#...
#.#...#.......##P..##.....
#######.#............#...#......


You could see a centaur warrior.

Vanquished Creatures
  An ugly thing (D:8)
  A cyclops (D:8)
  2 kobold demonologists (D:6)
  A troll (D:8)
  Eustachio (D:6)
  7 yaks
  A steam dragon (D:8)
  Menkaure (D:4)
  Edmund (D:6)
  2 water moccasins
  A sky beast (D:6)
  A black bear (D:5)
  4 orc warriors
  2 ice beasts
  An ogre (D:5)
  2 centaurs
  4 kobold brigands
  6 scorpions
  5 bullfrogs
  12 wights
  2 killer bees (D:8)
  9 howler monkeys
  2 hounds
  2 jellies
  Crazy Yiuf (D:7)
  3 sleepcaps
  5 orc priests
  Jessica (D:3)
  5 orc wizards
  4 iguanas
  9 adders
  3 shadow imps
  2 ufetubi (D:6)
  2 worms
  4 dart slugs
  29 orcs
  5 ball pythons
  13 endoplasms
  6 giant cockroaches
  8 goblins
  4 hobgoblins
  3 jackals (D:2)
  12 kobolds
  3 quokkas
  2 frilled lizards
  2 rats (D:3)
  2 fulminant prisms
199 creatures vanquished.

Vanquished Creatures (others)
  59 fulminant prisms
59 creatures vanquished.

Grand Total: 258 creatures vanquished

Notes
Turn   | Place    | Note
-------+----------+-------------------------------------------
     0 | D:1      | night the Demigod Conjurer began the quest for the Orb.
     0 | D:1      | Reached XP level 1. HP: 14/14 MP: 5/5
   140 | D:1      | Reached skill level 2 in Spellcasting
   328 | D:1      | Reached XP level 2. HP: 20/20 MP: 4/7
   331 | D:1      | Learned a level 2 spell: Searing Ray
   560 | D:1      | Reached skill level 4 in Conjurations
  1205 | D:2      | Reached XP level 3. HP: 26/26 MP: 3/9
  2111 | D:3      | Reached XP level 4. HP: 30/33 MP: 6/11
  2116 | D:3      | Learned a level 4 spell: Iskenderun's Mystic Blast
  2436 | D:3      | Noticed Jessica
  2440 | D:3      | Killed Jessica
  2441 | D:3      | Reached skill level 1 in Translocations
  2707 | D:3      | Reached XP level 5. HP: 34/38 MP: 5/12
  2926 | D:3      | Reached skill level 5 in Conjurations
  3015 | D:3      | Learned a level 4 spell: Fulminant Prism
  3125 | D:4      | Noticed bumbalina's ghost (amateur FoHu)
  3132 | D:4      | Found a runed translucent door.
  3221 | D:4      | Reached skill level 2 in Translocations
  3229 | D:4      | Noticed Menkaure
  3307 | D:4      | Reached XP level 6. HP: 33/45 MP: 1/14
  3453 | D:4      | Reached skill level 1 in Hexes
  3787 | D:4      | Killed Menkaure
  3788 | D:4      | Reached skill level 2 in Hexes
  3793 | D:4      | Reached XP level 7. HP: 28/50 MP: 5/16
  4118 | D:5      | Entered Level 5 of the Dungeon
  4127 | D:5      | Reached skill level 6 in Conjurations
  4326 | D:5      | HP: 7/50 [hound (4)]
  4330 | D:5      | Reached skill level 5 in Spellcasting
  4330 | D:5      | HP: 2/50 [poisoned by an orc wizard]
  4336 | D:5      | HP: 7/50 [poisoned by an orc wizard]
  4340 | D:5      | HP: 3/50 [poisoned by an orc wizard]
  5048 | D:5      | Found The Oracle's Delphic Readings.
  5065 | D:5      | Reached skill level 7 in Conjurations
  5065 | D:5      | Reached XP level 8. HP: 51/57 MP: 12/20
  5256 | D:5      | Identified the +3 leather armour "Jogh" {Int+3}
  6677 | D:6      | Noticed a kobold demonologist
  6684 | D:6      | Killed a kobold demonologist
  6685 | D:6      | Reached skill level 8 in Conjurations
  6716 | D:6      | Noticed a kobold demonologist
  6721 | D:6      | Noticed a red devil
  6722 | D:6      | Noticed a rust devil
  6724 | D:6      | Killed a kobold demonologist
  6725 | D:6      | Reached XP level 9. HP: 62/62 MP: 1/23
  7231 | D:6      | Noticed Eustachio
  7243 | D:6      | Noticed Edmund
  7243 | D:6      | Killed Eustachio
  7267 | D:6      | Killed Edmund
  7268 | D:6      | Reached skill level 9 in Conjurations
  7840 | D:6      | Found a staircase to the Ecumenical Temple.
  7846 | Temple   | Entered the Ecumenical Temple
  8150 | D:7      | Reached skill level 1 in Shapeshifting
  8589 | D:7      | Noticed an Executioner
  8841 | D:7      | Reached skill level 2 in Shapeshifting
  8965 | D:7      | Found a runed translucent door.
  8966 | D:7      | Noticed Crazy Yiuf
  8972 | D:7      | Killed Crazy Yiuf
  9562 | D:8      | Noticed a cyan ugly thing
  9568 | D:8      | Killed a cyan ugly thing
  9569 | D:8      | Reached XP level 10. HP: 69/69 MP: 14/26
  9569 | D:8      | Noticed a cyclops
  9663 | D:8      | Killed a cyclops
  9664 | D:8      | Reached skill level 10 in Conjurations
 10663 | D:8      | Found a staircase to the Lair.
 10733 | D:9      | Noticed a centaur warrior
 10740 | D:9      | HP: 8/68 [centaur warrior/arrow (19)]
 11215 | D:9      | HP: 8/68 [centaur warrior/arrow (20)]
 11723 | D:8      | HP: 3/68 [centaur warrior/arrow (13)]
 11726 | D:8      | Shot with an arrow by a centaur warrior

Illustrated notes

Levels and vault maps discovered:
D:1:      ebering_trefoil_3fold, layout_basic,
          ebering_ecumenical_altar_petrified
D:2:      layout_rooms, basic_altar, serial_rivers,
          chequers_serial_rivers_micro_a, chequers_serial_rivers_micro_a,
          chequers_serial_rivers_marsh, chequers_serial_rivers_room_a,
          chequers_serial_rivers_small_a, chequers_serial_rivers_small_3,
          minmay_octomino_c4
D:3:      layout_basic, uniq_jessica
D:4:      layout_rooms, ebering_ghost_sewer_d, uniq_menkaure
D:5:      nicolae_BIG_FREAKIN_CUBE, layout_layer_cave, lemuel_doored_altar,
          tgw_sif, nicolae_nh_oracle_at_delphi
D:6:      layout_basic, minmay_temple_entry_fiery, minmay_misc_feat_plants,
          uniq_edmund, uniq_eustachio
D:7:      layout_loops_corners, makhleb_altar_promises_db,
          nicolae_ashenzari_panopticon, uniq_crazy_yiuf_cottage
D:8:      cheibrodos_fzero, layout_basic, dpeg_oklobed_lair, dk_rats_in_the_wall
D:9:      layout_loops_ring
Temple:   hellmonk_temple_two_chambers

Skill      XL: |  1  2  3  4  5  6  7  8  9 10 |
---------------+-------------------------------+-----
Spellcasting   | 2 3 4 5 7 8 9 |  9.3
Conjurations   | 4 5 7 8 9 10 | 10.6
Translocations | 1 2 |  2.0
Hexes          | 2 |  2.0
Shapeshifting  | 3 4 |  4.6
Dodging        | |  1.7
Stealth        | |  1.7

Action                     |  1- 3 |  4- 6 |  7- 9 | 10-12 || total
---------------------------+-------+-------+-------+-------++-------
  Melee: Rapier            |       |    18 |       |       ||    18
         Dagger            |       |     8 |    88 |       ||    96
         Scimitar          |       |       |     7 |    10 ||    17
         Punch             |       |       |     1 |       ||     1
   Cast: Magic Dart        |    81 |    94 |    62 |    14 ||   251
         Searing Ray       |       |     5 |    11 |     1 ||    17
         Iskenderun's Myst |       |     4 |    34 |    22 ||    60
         Fulminant Prism   |       |     1 |    41 |    19 ||    61
  Evoke: Wand              |       |       |       |     2 ||     2
    Use: Scroll            |       |       |     6 |       ||     6
         Potion            |       |       |     3 |     2 ||     5
   Stab: Sleeping          |       |       |     3 |       ||     3
 Armour: Robe              |     3 |    23 |    68 |    48 ||   142
  Dodge: Dodged            |     2 |    28 |    92 |    42 ||   164

Table legend: (Time is in decaauts)
 A = Elapsed time spent in this place.
 B = Non-inter-level travel time spent in this place.
 C = Inter-level travel time spent in this place.
 D = Time resting spent in this place.
 E = Time spent auto-exploring this place.
 F = Levels seen in this place.
 G = Mean time per level.
                   A        B        C        D        E       F      G
               +--------+--------+--------+--------+--------+-----+--------+
         Total |  11752 |  11347 |    405 |   3562 |   6372 |  10 | 1175.2 |
       Dungeon |  11750 |  11345 |    405 |   3562 |   6372 |   9 | 1305.6 |
        Temple |      1 |      1 |      0 |      0 |      0 |   1 |    1.0 |
               +--------+--------+--------+--------+--------+-----+--------+

Top non-repeatable levels by time:
     D:5: 2095 daAuts
     D:8: 2025 daAuts
     D:7: 1694 daAuts
     D:6: 1620 daAuts
     D:4: 1245 daAuts
     D:1: 1105 daAuts
     D:2: 983 daAuts
     D:3: 903 daAuts
     D:9: 77 daAuts
  Temple: 1 daAuts
